 Dungeon Crawl Stone Soup version 0.29-a0-221-gceb61267dd (webtiles) character file.

Game seed: 1361080987815534556

590 sammy202020 the Skirmisher (level 7, -14/55 HPs)
             Began as a Demonspawn Berserker on Feb 26, 2022.
             Was a Priest of Trog.
             Demolished by Pikel
             ... wielding a +1 whip of electrocution
              (18 damage)
             ... on level 5 of the Dungeon.
             The game lasted 00:10:11 (4099 turns).

sammy202020 the Skirmisher (Demonspawn Berserker)   Turns: 4099, Time: 00:10:13

Health: -14/55     AC: 11    Str: 19    XL:     7   Next: 15%
Magic:  7/7        EV: 10    Int:  8    God:    Trog [***...]
Gold:   151        SH:  0    Dex: 13    Spells: 6/6 levels left

rFire   . . .      SeeInvis .   a - +1 hand axe
rCold   . . .      Faith    .   (no shield)
rNeg    . . .      Spirit   .   k - +0 chain mail
rPois   .          Reflect  .   r - +0 helmet
rElec   .          Harm     .   c - +0 cloak
rCorr   .          Rampage  .   (no gloves)
Will    .....                   (no boots)
Stlth   ..........              (no amulet)
HPRegen 0.18/turn               (no ring)
MPRegen 0.10/turn               (no ring)

@: no status effects
A: repulsion field 1, spiny 1, weakness stinger 2
a: Renounce Religion, Berserk, Trog's Hand


You were on level 5 of the Dungeon.
You worshipped Trog.
Trog was most pleased with you.
You visited 1 branch of the dungeon, and saw 5 of its levels.

You collected 151 gold pieces.

Inventory:

Hand Weapons
 a - a +1 hand axe (weapon)
Armour
 c - a +0 cloak (worn)
 k - a +0 chain mail (worn)
 r - a +0 helmet (worn)
Jewellery
 e - an amulet of faith
 n - a ring of fire
 q - a ring of magical power
Wands
 o - a wand of acid (1)
Scrolls
 h - a scroll of fear
 i - a scroll of noise
 j - a scroll of teleportation
 l - 3 scrolls of vulnerability
 m - a scroll of magic mapping
Potions
 b - a potion of ambrosia {unknown}
 d - 4 potions of curing
 f - 2 potions of brilliance
 g - 2 potions of haste {unknown}
 p - a potion of degeneration {unknown}
 t - 2 potions of cancellation {unknown}
 u - a potion of attraction {unknown}
 v - a potion of flight {unknown}


   Skills:
 + Level 4.9 Fighting
 + Level 4.3 Axes
 + Level 3.8 Armour
 + Level 3.8 Dodging


You had 6 spell levels left.
You didn't know any spells.
Your spell library was empty.

Dungeon Overview and Level Annotations

Branches:
Dungeon (5/15)             Temple (0/1) D:4

Altars:
Ashenzari
Ru
Wu Jian

Shops:
D:2 ?   D:3 *(=

Annotations:
D:5 Pikel


Innate Abilities, Weirdness & Mutations

You are surrounded by a mild repulsion field. (EV +2)
You are partially covered in sharp spines.
You have a tail ending in a sharp stinger.


Message History

The lemure hits you.
You closely miss the lemure.
The lemure is almost dead.
The lemure is struck by your spines. The lemure closely misses you.
You hit the lemure.
You kill the lemure!
That felt strangely unrewarding.
You closely miss the lemure. The lemure is struck by your spines.
The lemure hits you.
You hit the lemure.
The lemure is moderately wounded.
The lemure closely misses you.
You hit the lemure but do no damage.
The lemure is moderately wounded.
The lemure is struck by your spines. The lemure hits you.
A lemure comes into view.
You hit Pikel.
Pikel is lightly wounded.
You hit Pikel. You tail-slap Pikel, but do no damage.
Pikel is lightly wounded.
Pikel is struck by your spines.
Pikel hits you with a +1 whip of electrocution.
You hit Pikel but do no damage.
Your tail-slap misses Pikel.
Pikel is moderately wounded.
Pikel is struck by your spines.
Pikel hits you with a +1 whip of electrocution!
You are electrocuted!
* * * LOW HITPOINT WARNING * * *
You closely miss Pikel.
Pikel is moderately wounded.
Pikel is struck by your spines.
Pikel hits you with a +1 whip of electrocution.
* * * LOW HITPOINT WARNING * * *
You hit Pikel.
Pikel is heavily wounded.
Pikel is struck by your spines.
Pikel hits you with a +1 whip of electrocution.
* * * LOW HITPOINT WARNING * * *
You are electrocuted!!
You die...

#####
...
...
#.#
#.#
#@#
#K#
#5#
#5#
#.#
..#
###


You could see Pikel and 2 lemures.

Vanquished Creatures
  Eustachio (D:4)
  A centaur (D:5)
  A lemure (D:5)
  A phantom (D:4)
  An orc priest (D:3)
  2 iguanas (D:4)
  2 orc wizards
  Robin (D:2)
  6 adders
  A worm (D:2)
  3 dart slugs
  7 orcs
  3 ball pythons
  2 bats
  8 endoplasms
  5 giant cockroaches
  17 goblins
  7 hobgoblins
  5 quokkas
  5 frilled lizards
  8 kobolds
  7 rats (D:1)
94 creatures vanquished.

Notes
Turn   | Place    | Note
-------+----------+-------------------------------------------
     0 | D:1      | sammy202020 the Demonspawn Berserker began the quest for
                  | the Orb.
     0 | D:1      | Reached XP level 1. HP: 18/18 MP: 1/1
    98 | D:1      | Gained mutation: You are partially covered in sharp spines.
                  | [demonic ancestry]
    98 | D:1      | Reached XP level 2. HP: 21/24 MP: 2/2
   869 | D:2      | Found Isehum's Magic Scroll Emporium.
   897 | D:2      | Gained mutation: You have a small tail. [demonic ancestry]
   897 | D:2      | Reached XP level 3. HP: 29/29 MP: 3/3
   961 | D:2      | Reached ** piety under Trog
  1280 | D:2      | Noticed Robin
  1304 | D:2      | Gained mutation: You have a tail ending in a sharp stinger.
                  | [demonic ancestry]
  1304 | D:2      | Reached XP level 4. HP: 16/35 MP: 4/4
  1305 | D:2      | Killed Robin
  1769 | D:3      | Found Noguasch's Jewellery Shoppe.
  1809 | D:3      | Reached XP level 5. HP: 10/42 MP: 5/5
  1815 | D:3      | HP: 2/42 [kobold/+0 dagger (2)]
  2098 | D:3      | Found a faded altar of an unknown god.
  2141 | D:3      | Found a broken altar of Ashenzari.
  2229 | D:3      | Reached *** piety under Trog
  2428 | D:3      | Found an ornate altar of the Wu Jian Council.
  2586 | D:3      | Found Joiw's Weapon Emporium.
  2647 | D:3      | Found Miraeckaky's Assorted Antiques.
  2803 | D:4      | Noticed a phantom
  2836 | D:4      | Killed a phantom
  2837 | D:4      | Gained mutation: You are surrounded by a mild repulsion
                  | field. (EV +2) [demonic ancestry]
  2837 | D:4      | Reached XP level 6. HP: 39/48 MP: 6/6
  2948 | D:4      | Found a sacrificial altar of Ru.
  3092 | D:4      | Found a staircase to the Ecumenical Temple.
  3302 | D:4      | Noticed Eustachio
  3352 | D:4      | Killed Eustachio
  3868 | D:4      | Reached XP level 7. HP: 55/55 MP: 7/7
  4072 | D:5      | Entered Level 5 of the Dungeon
  4087 | D:5      | Noticed Pikel
  4099 | D:5      | Demolished by Pikel

Illustrated notes

Levels and vault maps discovered:
D:1:      matt_arrival_diagonals, layout_basic, minivault_27,
          minmay_misc_feat_nine_boxes, minmay_pentomino_t2
D:2:      layout_basic, serial_shops, shop_statue, minmay_cut_off, uniq_robin
D:3:      layout_basic, general_overflow_altar,
          mainiacjoe_overflow_tiny_flanked, serial_shops,
          nicolae_shop_bloodbath_and_beyond, shop_statue, shop,
          shapermc_ecumenical_altar_mp_highgroup
D:4:      layout_basic, nicolae_ru_the_path_less_chosen,
          minmay_temple_entry_junction_2, uniq_eustachio
D:5:      layout_loops_ring, jmf_multi_god_temple, nrook_uturn, uniq_pikel

Skill      XL: |  1  2  3  4  5  6 |
---------------+-------------------+-----
Armour         | 2 3 |  3.8
Dodging        | 2 3 |  3.8
Axes           | 3 4 |  4.3
Fighting       | 4 |  4.9

Action                   |  1- 3 |  4- 6 |  7- 9 || total
-------------------------+-------+-------+-------++-------
Melee: Hand axe          |    87 |   134 |    28 ||   249
       Tailslap          |     5 |    12 |     3 ||    20
       Punch             |       |       |     1 ||     1
Invok: Berserk           |       |     2 |       ||     2
  Use: Scroll            |       |    13 |       ||    13
 Stab: Sleeping          |     1 |       |       ||     1
Armor: Animal skin       |     3 |       |       ||     3
       Chain mail        |    26 |    72 |    11 ||   109
       Ring mail         |     3 |       |       ||     3
       Leather armour    |     1 |       |       ||     1
Dodge: Dodged            |    44 |    58 |    17 ||   119

Table legend: (Time is in decaauts)
 A = Elapsed time spent in this place.
 B = Non-inter-level travel time spent in this place.
 C = Inter-level travel time spent in this place.
 D = Time resting spent in this place.
 E = Time spent auto-exploring this place.
 F = Levels seen in this place.
 G = Mean time per level.
                   A        B        C        D        E       F      G
               +--------+--------+--------+--------+--------+-----+--------+
         Total |   4149 |   4056 |     93 |    602 |   2496 |   5 |  829.8 |
       Dungeon |   4149 |   4056 |     93 |    602 |   2496 |   5 |  829.8 |
               +--------+--------+--------+--------+--------+-----+--------+

Top non-repeatable levels by time:
     D:4: 1358 daAuts
     D:3: 978 daAuts
     D:2: 907 daAuts
     D:1: 875 daAuts
     D:5: 29 daAuts
